 Dungeon Crawl Stone Soup version 0.25-a0-24-g72dcfe0359 (webtiles) character file.

Game seed: 11694304220400515799, levelgen mode: deterministic

417 Dycilia the Firebug (level 6, 0/45 HPs)
             Began as a Draconian Fire Elementalist on Oct 16, 2019.
             Slain by a scorpion (5 damage)
             ... on level 3 of the Dungeon on Oct 17, 2019.
             The game lasted 00:30:18 (5059 turns).

Dycilia the Firebug (Draconian Fire Elementalist)   Turns: 5059, Time: 00:30:19

Health: 0/45       AC:  6    Str: 10    XL:     6   Next: 61%
Magic:  4/11       EV: 13    Int: 17    God:
Gold:   108        SH:  0    Dex: 12    Spells: 6/12 levels left

rFire    . . .     SeeInvis .   m - +0 scythe
rCold    . . .     Gourm    .   (shield currently unavailable)
rNeg     . . .     Faith    .   (armour unavailable)
rPois    .         Spirit   .   (helmet restricted)
rElec    .         Reflect  .   (no cloak)
rCorr    .         Harm     .   (no gloves)
MR       .....                  (no boots)
Stlth    ++........             (no amulet)
HPRegen  0.15/turn              (no ring)
MPRegen  0.12/turn              (no ring)

@: lethally poisoned (0 -> -4)
A: unfitting armour, cold-blooded, AC +6
a: no special abilities


You were on level 3 of the Dungeon.
You were not hungry.

You visited 1 branch of the dungeon, and saw 4 of its levels.

You collected 108 gold pieces.

Inventory:

Hand Weapons
 m - a +0 scythe (weapon)
Jewellery
 f - a +2 ring of slaying {unknown}
 h - an uncursed amulet of the acrobat
Scrolls
 a - 2 scrolls of enchant armour {unknown}
 d - 2 scrolls of teleportation {unknown}
 e - a scroll of immolation {unknown}
 i - a scroll of blinking {unknown}
 j - a scroll of magic mapping {unknown}
Potions
 c - a potion of heal wounds {unknown}
 k - a potion of invisibility {unknown}
 l - a potion of flight {unknown}
Comestibles
 b - 3 rations


   Skills:
 + Level 3.7 Dodging
 - Level 1.7 Stealth
 + Level 3.9 Spellcasting
 - Level 2.3 Conjurations
 + Level 4.8 Fire Magic


You had 6 spell levels left.
You knew the following spells:

 Your Spells              Type           Power        Failure   Level  Hunger
a - Flame Tongue          Conj/Fire      ###..        3%          1    None
b - Throw Flame           Conj/Fire      ###...       5%          2    ##.....
c - Conjure Flame         Conj/Fire      ###.....     11%         3    ###....

Your spell library contained the following spells:

 Spells                   Type           Power        Failure   Level  Hunger
 Inner Flame              Hex/Fire       ##......     19%         3    ###....
 Sticky Flame             Conj/Fire      ###.....     36%         4    ####...
 Fireball                 Conj/Fire      ###.......   71%         5    ######.


Dungeon Overview and Level Annotations

Branches:
Dungeon (4/15)
 Temple: D:4-7

Altars:
Dithmenos


Innate Abilities, Weirdness & Mutations

Your plain brown scales are hard. (AC +6)
You cannot fit into any form of body armour.
You are cold-blooded and may be slowed by cold attacks.


Message History

Confirm with . or Enter, or press ? or * to list all spells.
Aiming: Flame Tongue (safe; 3% risk of failure)
Press: ? - help, Shift-Dir - straight line, f/p - scorpion
Aim: a scorpion The flame tongue hits the scorpion.
The scorpion is lightly wounded.
The scorpion stings you!
* * * LOW HITPOINT WARNING * * *
You are poisoned.
The scorpion poisons you!
Casting: Flame Tongue (safe; 3% risk of failure)
Confirm with . or Enter, or press ? or * to list all spells.
Aiming: Flame Tongue (safe; 3% risk of failure)
Press: ? - help, Shift-Dir - straight line, f/p - scorpion
Aim: a scorpion (lightly wounded)
The flame tongue hits the scorpion.
The scorpion is moderately wounded.
* * * LOW HITPOINT WARNING * * *
You feel sick. The scorpion stings you.
You die...

.# ########.....###....# .###
#......'.....'...†#.# ...#
#.######.....######.# .#.#
#......'............#
...##########÷.[...############
..........######'#.#..........#
#......##.#...##.#.#.########.#
........#.##..##.#.#.# #.#
#....#....##..##@#.#.# #.#
####.#........##s#.#.# #<#
.....#.#.###.###s#.#.##### #.#
.....#.#...s.s...#.#.....# #.#
.....#^......#####.#..#..####.#
.....####.######.....###......#
.....s..s........##..###..##..#
..#########.####.###..#..###..#
..'...........)...##...h.##...##


You could see a scorpion and a giant cockroach.

Vanquished Creatures
  Sigmund (D:3)
  Natasha (thrice) (D:3)
  7 adders
  3 worms
  3 dart slugs
  2 leopard geckos (D:1)
  11 orcs (D:3)
  8 bats
  6 giant cockroaches
  9 hobgoblins
  12 jackals
  6 frilled lizards
  6 goblins
  11 kobolds
  10 rats
98 creatures vanquished.

Notes
Turn   | Place    | Note
-------+----------+-------------------------------------------
     0 | D:1      | Dycilia the Draconian Fire Elementalist began the quest for
                  | the Orb.
     0 | D:1      | Reached XP level 1. HP: 14/14 MP: 3/3
   387 | D:1      | Reached XP level 2. HP: 20/20 MP: 0/5
   568 | D:1      | Learned a level 2 spell: Throw Flame
  1240 | D:1      | Reached XP level 3. HP: 26/26 MP: 0/6
  1579 | D:2      | Learned a level 3 spell: Conjure Flame
  2269 | D:2      | Reached XP level 4. HP: 33/33 MP: 2/7
  3665 | D:3      | Reached XP level 5. HP: 35/38 MP: 3/9
  4046 | D:3      | Reached skill level 4 in Fire Magic
  4226 | D:3      | Found a shadowy altar of Dithmenos.
  4483 | D:3      | Noticed Sigmund
  4559 | D:3      | Killed Sigmund
  4559 | D:3      | Reached XP level 6. HP: 29/45 MP: 3/11
  4763 | D:4      | Noticed Natasha
  4772 | D:3      | Killed Natasha
  4826 | D:3      | Noticed Natasha
  4841 | D:3      | Killed Natasha
  4964 | D:3      | Noticed Natasha
  4984 | D:3      | Killed Natasha
  5059 | D:3      | Slain by a scorpion

Levels and vault maps discovered:
D:1:      lightli_arrival_statuegarden, layout_basic
D:2:      layout_loops_ring
D:3:      layout_basic, nicolae_dithmenos_shadow_blocks, uniq_sigmund
D:4:      layout_rooms, overflow_temple_1_default, first_ration, uniq_ijyb,
          uniq_natasha

Skill      XL: |  1  2  3  4  5 |
---------------+----------------+-----
Dodging        | 2 3 |  3.7
Conjurations   | 2 |  2.3
Spellcasting   | 3 |  3.9
Fire Magic     | 4 |  4.8
Stealth        | |  1.7

Action                   |  1- 3 |  4- 6 || total
-------------------------+-------+-------++-------
Melee: Unarmed           |     2 |     1 ||     3
       Tailslap          |       |     1 ||     1
       Scythe            |       |     1 ||     1
 Cast: Flame Tongue      |    69 |   105 ||   174
       Throw Flame       |    12 |    24 ||    36
  Eat: Chunk             |     6 |     8 ||    14
       Ration            |       |     1 ||     1
Armor: Skin              |    18 |    20 ||    38
Dodge: Dodged            |    35 |    53 ||    88

Table legend:
 A = Non-vault XP
 B = Vault XP
 C = Vault XP percentage of total XP
 D = Non-vault monster count
 E = Vault monster count
 F = Vault count percentage of total count
                 A         B        C        D         E       F
            +---------+---------+-------+---------+---------+-------
      Total |     339 |     258 |  43.2 |      96 |       2 |   2.0
            +---------+---------+-------+---------+---------+-------
        D:1 |      47 |       0 |   0.0 |      28 |       0 |   0.0
        D:2 |      66 |       0 |   0.0 |      26 |       0 |   0.0
        D:3 |     226 |     258 |  53.3 |      42 |       2 |   4.5
            +---------+---------+-------+---------+---------+-------
